[Event "Rated Blitz tournament autumn21"]
[Site "?"]
[Date "2021.10.23"]
[Round "?"]
[White "HEISENBERG_1956"]
[Black "Lxcasch"]
[Result "0-1"]
[ECO "C42"]
[WhiteElo "2542"]
[BlackElo "2698"]
[PlyCount "50"]
[EventDate "2021.??.??"]
[EventType "blitz"]
[TimeControl "180+2"]

1. e4 e5 2. Nf3 Nf6 3. Nxe5 d6 4. Nxf7 Kxf7 5. d4 c5 6. Nc3 cxd4 7. Qxd4 Nc6 8.
Bc4+ d5 9. Bxd5+ Qxd5 10. Qxd5+ Nxd5 11. Nxd5 Nb4 12. Nxb4 Bxb4+ 13. c3 Be7 14.
O-O Bd7 15. f4 Bc5+ 16. Kh1 Rhe8 17. e5 Kg8 18. b4 Bb6 19. Bb2 Bb5 20. Rf3 Bc6
21. Rg3 Rad8 22. c4 Rd2 23. Bc3 Rc2 24. Rf1 Bf2 25. Rh3 Bd4 {Normal} 0-1

[Event "Rated Blitz game"]
[Site "?"]
[Date "2021.10.22"]
[Round "?"]
[White "loltheo123"]
[Black "ReinaldoR"]
[Result "1-0"]
[ECO "C42"]
[WhiteElo "2520"]
[BlackElo "2579"]
[PlyCount "39"]
[EventDate "2021.??.??"]
[EventType "blitz"]
[TimeControl "180"]

1. e4 e5 2. Nf3 Nf6 3. Nxe5 d6 4. Nxf7 Kxf7 5. Nc3 c5 6. Bc4+ Be6 7. Bxe6+ Kxe6
8. d4 cxd4 9. Qxd4 Nc6 10. Qc4+ Kd7 11. Bf4 Rc8 12. O-O-O a6 13. Qf7+ Qe7 14.
Rxd6+ Kc7 15. Rxf6+ Kb6 16. Nd5+ Ka7 17. Nxe7 Bxe7 18. Rxc6 Rxc6 19. Qxe7 Rhc8
20. c3 {Normal} 1-0

[Event "Rated Blitz game"]
[Site "?"]
[Date "2021.10.22"]
[Round "?"]
[White "Brokjes"]
[Black "phiba"]
[Result "1-0"]
[ECO "C42"]
[WhiteElo "2353"]
[BlackElo "2443"]
[PlyCount "31"]
[EventDate "2021.??.??"]
[EventType "blitz"]
[TimeControl "180+2"]

1. e4 e5 2. Nf3 Nf6 3. Nxe5 d6 4. Nxf7 Kxf7 5. d4 c5 6. dxc5 Nc6 7. Bc4+ Be6 8.
Bxe6+ Kxe6 9. O-O dxc5 10. Qe2 Qd4 11. Nc3 Qb4 12. Nd5 Nd4 13. Qe3 Nxc2 14.
Qh3+ Kf7 15. Nxb4 cxb4 16. Qb3+ {Normal} 1-0

[Event "Rated Blitz game"]
[Site "?"]
[Date "2021.10.22"]
[Round "?"]
[White "mared2"]
[Black "sarenka_czaruje_69"]
[Result "1-0"]
[ECO "C42"]
[WhiteElo "2459"]
[BlackElo "2521"]
[PlyCount "42"]
[EventDate "2021.??.??"]
[EventType "blitz"]
[TimeControl "180"]

1. e4 e5 2. Nf3 Nf6 3. Nxe5 d6 4. Nxf7 Kxf7 5. d4 c5 6. dxc5 Qa5+ 7. Nc3 Qxc5
8. Be3 Qa5 9. Bc4+ Be6 10. Bxe6+ Kxe6 11. Qe2 Nc6 12. O-O-O Qa6 13. Qf3 Be7 14.
Qf5+ Kf7 15. g4 Qa5 16. Rd5 g6 17. Qf4 g5 18. Qf5 Qc7 19. Bxg5 Qd7 20. Bxf6
Qxf5 21. Rxf5 Bxf6 {Normal} 1-0

[Event "Rated Blitz game"]
[Site "?"]
[Date "2021.10.22"]
[Round "?"]
[White "DaVy_JoneSS-1703"]
[Black "Gutemaus2019"]
[Result "0-1"]
[ECO "C42"]
[WhiteElo "2595"]
[BlackElo "2754"]
[PlyCount "66"]
[EventDate "2021.??.??"]
[EventType "blitz"]
[TimeControl "180"]

1. e4 e5 2. Nf3 Nf6 3. Nxe5 d6 4. Nxf7 Kxf7 5. d4 c5 6. Bc4+ Be6 7. Bxe6+ Kxe6
8. Nc3 cxd4 9. Qxd4 Nc6 10. Qc4+ Ke7 11. Bg5 Ke8 12. O-O-O Be7 13. f4 Rc8 14.
Rhe1 h5 15. Qb5 Qb6 16. Qf5 Kf7 17. e5 g6 18. Qd3 Nb4 19. Qf3 Ng4 20. Bxe7 Kxe7
21. exd6+ Kf7 22. Re7+ Kf8 23. f5 Rxc3 24. fxg6+ Rxf3 25. g7+ Kg8 26. gxh8=Q+
Kxh8 27. gxf3 Nxa2+ 28. Kb1 Nc3+ 29. Kc1 Nxd1 30. d7 Qxb2+ 31. Kxd1 Nf2+ 32.
Ke2 Qxc2+ 33. Ke1 Nd3+ {Normal} 0-1

[Event "Rated Blitz game"]
[Site "?"]
[Date "2021.10.22"]
[Round "?"]
[White "KevinPaveto"]
[Black "Gutemaus2019"]
[Result "1-0"]
[ECO "C42"]
[WhiteElo "2668"]
[BlackElo "2783"]
[PlyCount "131"]
[EventDate "2021.??.??"]
[EventType "blitz"]
[TimeControl "180"]

1. e4 e5 2. Nf3 Nf6 3. Nxe5 d6 4. Nxf7 Kxf7 5. d4 c5 6. Nc3 cxd4 7. Qxd4 Nc6 8.
Bc4+ Be6 9. Bxe6+ Kxe6 10. Qc4+ Ke7 11. Bg5 Ke8 12. O-O-O Rc8 13. Rhe1 Be7 14.
f4 h6 15. Bxf6 gxf6 16. Qe6 Qd7 17. Qd5 Rd8 18. Qh5+ Kf8 19. e5 fxe5 20. fxe5
Bg5+ 21. Kb1 Kg7 22. e6 Qe7 23. Nd5 Qe8 24. Qg4 Ne5 25. Rxe5 dxe5 26. h4 Rd6
27. e7 Qd7 28. Qxd7 Rxd7 29. hxg5 hxg5 30. c4 Re8 31. Kc2 Rexe7 32. Nxe7 Rxe7
33. Rd6 Rf7 34. Kd3 b6 35. Ke3 g4 36. b4 g3 37. c5 bxc5 38. bxc5 Rf2 39. Rd2
Rxd2 40. Kxd2 Kf6 41. Ke3 Ke6 42. Kf3 Kd5 43. Kxg3 Kxc5 44. Kf3 Kd4 45. g4 Kd3
46. g5 e4+ 47. Kf4 e3 48. g6 e2 49. g7 e1=Q 50. g8=Q Qf2+ 51. Ke5 Qh2+ 52. Kf6
Qf4+ 53. Ke7 Qe5+ 54. Kd7 Qb5+ 55. Kc7 Qb6+ 56. Kc8 a5 57. Qd5+ Kc3 58. Qf3+
Kb2 59. a4 Qc6+ 60. Qxc6 Kb3 61. Qb5+ Ka3 62. Qxa5 Kb3 63. Qb5+ Ka3 64. a5 Ka2
65. a6 Ka1 66. a7 {Normal} 1-0

[Event "Rated Blitz game"]
[Site "?"]
[Date "2021.10.22"]
[Round "?"]
[White "XXAuroraXX"]
[Black "Gutemaus2019"]
[Result "1-0"]
[ECO "C42"]
[WhiteElo "2677"]
[BlackElo "2762"]
[PlyCount "57"]
[EventDate "2021.??.??"]
[EventType "blitz"]
[TimeControl "180"]

1. e4 e5 2. Nf3 Nf6 3. Nxe5 d6 4. Nxf7 Kxf7 5. Nc3 Be7 6. d4 c5 7. Bc4+ Be6 8.
d5 Bd7 9. O-O b6 10. f4 b5 11. Nxb5 Nxe4 12. Qh5+ g6 13. Qf3 Nf6 14. f5 Bxf5
15. g4 Bxc2 16. g5 Bf5 17. gxf6 Bxf6 18. Bf4 Be7 19. Rae1 Bf8 20. Re6 Bxe6 21.
dxe6+ Kg7 22. Qxa8 Be7 23. Qb7 Re8 24. Bg5 Nc6 25. Rf7+ Kg8 26. Qxc6 Bxg5 27.
e7 Be3+ 28. Kg2 Rxe7 29. Rxe7+ {Normal} 1-0

[Event "Rated Blitz game"]
[Site "?"]
[Date "2021.10.21"]
[Round "?"]
[White "capitansalami01"]
[Black "Maksim-Kolosov"]
[Result "1-0"]
[ECO "C42"]
[WhiteElo "2566"]
[BlackElo "2493"]
[PlyCount "121"]
[EventDate "2021.??.??"]
[EventType "blitz"]
[TimeControl "180"]

1. e4 e5 2. Nf3 Nf6 3. Nxe5 d6 4. Nxf7 Kxf7 5. d4 Qe7 6. Nc3 Nxe4 7. Qh5+ g6 8.
Qd5+ Kg7 9. Qxe4 Bf5 10. Qxe7+ Bxe7 11. Nd5 Nc6 12. c3 Rac8 13. Nxe7 Nxe7 14.
f3 Rhe8 15. Kf2 Nd5 16. Bc4 Nb6 17. Be2 c6 18. h4 Re7 19. h5 Rce8 20. h6+ Kf7
21. Bd1 Nc4 22. Bg5 Rd7 23. g4 Be6 24. Re1 Nxb2 25. Bc2 Nc4 26. Bb3 Nb6 27. Re2
Bxb3 28. Rxe8 Kxe8 29. axb3 Nd5 30. Rxa7 Nxc3 31. Ra8+ Kf7 32. Rh8 Ke6 33. Kg3
Nb5 34. Be3 Kd5 35. Rg8 Re7 36. Kf2 b6 37. Rg7 Re8 38. Rxh7 Nxd4 39. Rg7 Nxb3
40. h7 Rh8 41. Bg5 c5 42. Rf7 Nd4 43. Bf6 Re8 44. h8=Q Rxh8 45. Bxh8 c4 46.
Bxd4 Kxd4 47. Rf6 d5 48. Rxb6 c3 49. Rxg6 Kd3 50. Rc6 c2 51. g5 Kd2 52. g6 c1=Q
53. Rxc1 Kxc1 54. Ke3 d4+ 55. Kxd4 Kd2 56. g7 Ke2 57. g8=Q Kxf3 58. Qf7+ Kg3
59. Ke4 Kh2 60. Kf3 Kh3 61. Qh5# {Normal} 1-0

[Event "Rated Blitz game"]
[Site "?"]
[Date "2021.10.20"]
[Round "?"]
[White "drawingchest"]
[Black "snakeice"]
[Result "0-1"]
[ECO "C42"]
[WhiteElo "2659"]
[BlackElo "2692"]
[PlyCount "78"]
[EventDate "2021.??.??"]
[EventType "blitz"]
[TimeControl "180"]

1. e4 e5 2. Nf3 Nf6 3. Nxe5 d6 4. Nxf7 Kxf7 5. d4 c5 6. Nc3 cxd4 7. Qxd4 Nc6 8.
Bc4+ Ke8 9. Qe3 Ne5 10. Bb3 Be7 11. Bd2 Nfg4 12. Qe2 Rf8 13. O-O Nc6 14. Be3
Nxe3 15. Qxe3 Bf6 16. Rad1 Qb6 17. Qe2 Nd4 18. Qh5+ g6 19. Qxh7 Nxb3 20. Qxg6+
Kd8 21. axb3 Be6 22. Nd5 Bxd5 23. Rxd5 Rc8 24. Qg3 Rc6 25. e5 Be7 26. Rfd1 Rxc2
27. R5d2 Rxd2 28. Rxd2 Kc7 29. h4 dxe5 30. Qxe5+ Bd6 31. Qg7+ Kb8 32. h5 Bc5
33. Qg3+ Ka8 34. h6 Qxh6 35. Qd3 a6 36. g3 Qb6 37. Kg2 Ka7 38. Qd5 Rf6 39. f4
Rd6 {Normal} 0-1

[Event "Rated Blitz game"]
[Site "?"]
[Date "2021.10.20"]
[Round "?"]
[White "DaVy_JoneSS-1703"]
[Black "Gutemaus2019"]
[Result "0-1"]
[ECO "C42"]
[WhiteElo "2580"]
[BlackElo "2781"]
[PlyCount "134"]
[EventDate "2021.??.??"]
[EventType "blitz"]
[TimeControl "180"]

1. e4 e5 2. Nf3 Nf6 3. Nxe5 d6 4. Nxf7 Kxf7 5. Nc3 Be6 6. d4 c5 7. dxc5 Nc6 8.
cxd6 Bxd6 9. Be2 Bb4 10. O-O Bxc3 11. bxc3 Qxd1 12. Rxd1 Nxe4 13. Bf3 Rhd8 14.
Re1 Nxc3 15. Bb2 Na4 16. Bxg7 Nd4 17. Bxd4 Rxd4 18. Bxb7 Rb8 19. Be4 h6 20.
Bg6+ Kf6 21. Bd3 Nc5 22. Re3 Nxd3 23. cxd3 Rb2 24. Rae1 Bxa2 25. Rf3+ Kg6 26.
g3 Rb1 27. Rxb1 Bxb1 28. h4 a5 29. Rf8 a4 30. Ra8 Bxd3 31. f3 Bc2 32. Kf2 Rd3
33. g4 Bb3 34. Ra6+ Kg7 35. Kg3 Bd1 36. g5 Rxf3+ 37. Kg2 h5 38. Rxa4 Bxa4 39.
Kxf3 Kf7 40. Ke4 Ke6 41. Kf4 Bc2 42. Ke3 Kf5 43. Kf3 Ba4 44. Kg3 Ke4 45. g6 Bb3
46. g7 Bg8 47. Kh3 Kf3 48. Kh2 Kg4 49. Kg2 Kxh4 50. Kh2 Kg4 51. Kg2 h4 52. Kh2
h3 53. Kg1 Kg3 54. Kh1 Bd5+ 55. Kg1 h2+ 56. Kf1 h1=Q+ 57. Ke2 Qf3+ 58. Kd2 Qf7
59. Kc2 Qxg7 60. Kd3 Qe5 61. Kd2 Bc4 62. Kc2 Qe3 63. Kb2 Qd2+ 64. Kb1 Ba2+ 65.
Ka1 Bb3 66. Kb1 Qc2+ 67. Ka1 Qc1# {Normal} 0-1

[Event "Rated Blitz game"]
[Site "?"]
[Date "2021.10.20"]
[Round "?"]
[White "oticMJ"]
[Black "KanalSzachowy"]
[Result "1/2-1/2"]
[ECO "C42"]
[WhiteElo "2295"]
[BlackElo "2464"]
[PlyCount "128"]
[EventDate "2021.??.??"]
[EventType "blitz"]
[TimeControl "180"]

1. e4 e5 2. Nf3 Nf6 3. Nxe5 d6 4. Nxf7 Kxf7 5. Nc3 c5 6. Bc4+ Be6 7. Bxe6+ Kxe6
8. O-O Kf7 9. d4 cxd4 10. Qxd4 Qd7 11. Bg5 Nc6 12. Qc4+ Qe6 13. Qb5 Rb8 14.
Rad1 Be7 15. Nd5 h6 16. Nxe7 Nxe7 17. Bh4 Rhc8 18. c3 Ng6 19. Bg3 Rc5 20. Qa4
Rc6 21. Qxa7 Nd7 22. f4 Ra6 23. Qe3 Qxa2 24. e5 Kg8 25. exd6 Qf7 26. f5 Ngf8
27. Qe7 Re8 28. Qxf7+ Kxf7 29. b4 b5 30. Rd5 Rb6 31. Bf2 Rb7 32. Bd4 Re2 33. g4
Nf6 34. Rc5 N8d7 35. Rc7 Rxc7 36. dxc7 Re8 37. h3 Nd5 38. Rd1 Nxc7 39. Bxg7 Nb6
40. Bxh6 Nbd5 41. Rd3 Re2 42. Bg5 Rc2 43. Bf4 Nxf4 44. Rd7+ Kf6 45. Rxc7 Nxh3+
46. Kf1 Ng5 47. Ke1 Ne4 48. Kd1 Rg2 49. Kc1 Rxg4 50. Kb2 Kxf5 51. Rb7 Rg5 52.
Rxb5+ Kf4 53. Rxg5 Nxg5 54. Kb3 Ke5 55. c4 Kd6 56. Ka4 Ne4 57. b5 Nc5+ 58. Kb4
Nb7 59. Ka4 Kc7 60. Kb4 Kb6 61. c5+ Nxc5 62. Kc4 Nb7 63. Kd5 Nd6 64. Kd4 Kxb5 {
Normal} 1/2-1/2

[Event "Rated Blitz game"]
[Site "?"]
[Date "2021.10.20"]
[Round "?"]
[White "DrChessAlawi"]
[Black "YaYestGrut"]
[Result "0-1"]
[ECO "C42"]
[WhiteElo "2694"]
[BlackElo "2544"]
[PlyCount "72"]
[EventDate "2021.??.??"]
[EventType "blitz"]
[TimeControl "180"]

1. e4 e5 2. Nf3 Nf6 3. Nxe5 d6 4. Nxf7 Kxf7 5. d4 c5 6. Bc4+ d5 7. exd5 b5 8.
Bxb5 Qxd5 9. O-O Bb7 10. f3 Qxd4+ 11. Qxd4 cxd4 12. Nd2 Bc5 13. Nb3 Bb6 14. Kh1
Nc6 15. Bf4 Ne7 16. Be5 Rad8 17. a4 a5 18. Rad1 Nf5 19. Rfe1 h5 20. Bc4+ Bd5
21. Bd3 Ne3 22. Rd2 Bxb3 23. cxb3 Rhe8 24. Bg3 Bc5 25. Rde2 Bb4 26. Rb1 g5 27.
h4 g4 28. Kh2 Kg7 29. Bf4 Nfd5 30. Bg5 Rc8 31. fxg4 Nxg4+ 32. Kg3 Rxe2 33. Bxe2
Nde3 34. Bd3 Rf8 35. Rc1 Bd6+ 36. Kh3 Nf2# {Normal} 0-1

[Event "Rated Rapid game"]
[Site "?"]
[Date "2021.10.19"]
[Round "?"]
[White "MasterMaters"]
[Black "Awesome41214008"]
[Result "1-0"]
[ECO "C42"]
[WhiteElo "2452"]
[BlackElo "2288"]
[PlyCount "53"]
[EventDate "2021.??.??"]
[EventType "rapid"]
[TimeControl "600"]

1. e4 e5 2. Nf3 Nf6 3. Nxe5 d6 4. Nxf7 Kxf7 5. Nc3 c5 6. Bc4+ Be6 7. Bxe6+ Kxe6
8. d4 cxd4 9. Qxd4 Nc6 10. Qc4+ Ke7 11. Bf4 Ke8 12. O-O-O Qe7 13. Bxd6 Qf7 14.
Qa4 Bxd6 15. Rxd6 Ke7 16. Qa3 Ke8 17. e5 Ng4 18. e6 Qe7 19. Nd5 Qg5+ 20. f4 Qh6
21. Nc7+ Ke7 22. Rd7+ Kf6 23. Rf7+ Kg6 24. Qd3+ Kh5 25. h3 Nf6 26. g4+ Kh4 27.
Qf3 {Normal} 1-0

[Event "Rated Blitz game"]
[Site "?"]
[Date "2021.10.19"]
[Round "?"]
[White "AlekseyEvdokimov"]
[Black "Diazk"]
[Result "0-1"]
[ECO "C42"]
[WhiteElo "2413"]
[BlackElo "2389"]
[PlyCount "46"]
[EventDate "2021.??.??"]
[EventType "blitz"]
[TimeControl "180+2"]

1. e4 e5 2. Nf3 Nf6 3. Nxe5 d6 4. Nxf7 Kxf7 5. d4 Be6 6. Nc3 Kg8 7. f4 Na6 8.
f5 Bf7 9. Bxa6 bxa6 10. O-O c5 11. dxc5 Qc7 12. cxd6 Bxd6 13. g3 h6 14. Qf3 Kh7
15. Bf4 Rad8 16. Rae1 Rhe8 17. Re2 Bh5 18. Qg2 Bxe2 19. Qxe2 Qb6+ 20. Kg2 Bxf4
21. Rxf4 Qxb2 22. Rf3 Rc8 23. Qd2 Nxe4 {Normal} 0-1

[Event "Rated Blitz game"]
[Site "?"]
[Date "2021.10.19"]
[Round "?"]
[White "GriNick"]
[Black "KanalSzachowy"]
[Result "1/2-1/2"]
[ECO "C42"]
[WhiteElo "2348"]
[BlackElo "2461"]
[PlyCount "137"]
[EventDate "2021.??.??"]
[EventType "blitz"]
[TimeControl "180"]

1. e4 e5 2. Nf3 Nf6 3. Nxe5 d6 4. Nxf7 Kxf7 5. Nc3 c5 6. Bc4+ Be6 7. Bxe6+ Kxe6
8. d4 Kf7 9. dxc5 Nc6 10. cxd6 Qxd6 11. Qxd6 Bxd6 12. O-O Rhe8 13. f3 Bc5+ 14.
Kh1 Nd4 15. Be3 Ne6 16. Bxc5 Nxc5 17. Rad1 Rad8 18. g3 Ne6 19. Nb5 Ke7 20. c3
a6 21. Nd4 Nxd4 22. cxd4 Rc8 23. Rd2 Rc7 24. Kg2 Rec8 25. Rfd1 Rc2 26. Kf2 Nd7
27. Ke2 Nb6 28. b3 R8c3 29. Rxc2 Rxc2+ 30. Rd2 Rc1 31. Ke3 Nd7 32. Kf4 Kf6 33.
h4 g6 34. e5+ Ke7 35. d5 h6 36. g4 Rc3 37. h5 g5+ 38. Ke4 b6 39. Rf2 Rc8 40. f4
gxf4 41. Rxf4 Rc2 42. Kf5 Rxa2 43. d6+ Ke8 44. e6 Ra5+ 45. Kg6 Nc5 46. Kf6 Ra2
47. g5 hxg5 48. Rf5 Rh2 49. Kg6 Rh3 50. h6 Nxe6 51. h7 Nf8+ 52. Kg7 Nxh7 53.
Kg6 g4 54. Re5+ Kd7 55. Re7+ Kxd6 56. Re4 g3 57. Rg4 Nf6 58. Kg7 Nxg4 59. Kf7
g2 60. Ke8 Rxb3 61. Kd8 Rb4 62. Kc8 Rb5 63. Kb7 a5 64. Ka6 Kc5 65. Ka7 a4 66.
Kb7 a3 67. Kb8 a2 68. Kb7 Rb4 69. Kb8 {Time forfeit} 1/2-1/2

[Event "Rated Blitz game"]
[Site "?"]
[Date "2021.10.19"]
[Round "?"]
[White "DanielFCastro"]
[Black "caiosales"]
[Result "1-0"]
[ECO "C42"]
[WhiteElo "2436"]
[BlackElo "2388"]
[PlyCount "57"]
[EventDate "2021.??.??"]
[EventType "blitz"]
[TimeControl "180"]

1. e4 e5 2. Nf3 Nf6 3. Nxe5 d6 4. Nxf7 Kxf7 5. d4 c5 6. Nc3 cxd4 7. Qxd4 Nc6 8.
Bc4+ Be6 9. Bxe6+ Kxe6 10. Qc4+ Kd7 11. Bg5 h6 12. Bh4 a6 13. O-O-O Kc7 14. Bg3
Kb6 15. e5 Ne8 16. f4 Ka7 17. Bf2+ Kb8 18. Nd5 dxe5 19. Bb6 Qd6 20. Nc7 Qf6 21.
Nxe8 Qxf4+ 22. Qxf4 exf4 23. Rd7 Bc5 24. Bxc5 Rxe8 25. Rxg7 Kc8 26. Bb6 Ne5 27.
Rd1 Nc4 28. Rc7+ Kb8 29. Rxc4 {Normal} 1-0

[Event "Rated Blitz game"]
[Site "?"]
[Date "2021.10.19"]
[Round "?"]
[White "HisardotVIP"]
[Black "Wernad"]
[Result "1-0"]
[ECO "C42"]
[WhiteElo "2459"]
[BlackElo "2439"]
[PlyCount "73"]
[EventDate "2021.??.??"]
[EventType "blitz"]
[TimeControl "180"]

1. e4 e5 2. Nf3 Nf6 3. Nxe5 d6 4. Nxf7 Kxf7 5. Nc3 c6 6. d4 Be7 7. f4 Rf8 8. e5
dxe5 9. fxe5 Nd5 10. Qh5+ Kg8 11. Bd3 g6 12. Bxg6 hxg6 13. Qxg6+ Kh8 14. Qh6+
Kg8 15. Qg6+ Kh8 16. Qh5+ Kg8 17. Bh6 Qe8 18. Qe2 Nxc3 19. bxc3 Rf7 20. O-O-O
Ba3+ 21. Kd2 Qe6 22. Qe3 Kh7 23. Rdf1 Rxf1 24. Rxf1 Na6 25. Rf6 Qg8 26. Bg5 Bd7
27. Qe4+ Kh8 28. Rh6+ Kg7 29. Qh4 Kf7 30. Rh7+ Ke6 31. Qg4+ Kd5 32. Qf3+ Kc4
33. Qd3+ Kd5 34. c4+ Ke6 35. Rh6+ Kf7 36. Qf3+ Ke8 37. Qh5+ {Time forfeit} 1-0

[Event "Rated Blitz game"]
[Site "?"]
[Date "2021.10.19"]
[Round "?"]
[White "vivit4uek"]
[Black "Satsanga"]
[Result "1-0"]
[ECO "C42"]
[WhiteElo "2273"]
[BlackElo "2439"]
[PlyCount "105"]
[EventDate "2021.??.??"]
[EventType "blitz"]
[TimeControl "300"]

1. e4 e5 2. Nf3 Nf6 3. Nxe5 d6 4. Nxf7 Kxf7 5. d4 Be7 6. Nc3 Rf8 7. Bc4+ Be6 8.
Bxe6+ Kxe6 9. O-O Kf7 10. f4 Kg8 11. Qf3 Nc6 12. Ne2 d5 13. e5 Ne4 14. c3 g6
15. g4 Kh8 16. Ng3 Nxg3 17. Qxg3 Qd7 18. Bd2 Rf7 19. Rae1 Qe6 20. h4 h5 21.
gxh5 gxh5 22. Qf3 Rg8+ 23. Kh1 Qg4 24. Re2 Rf5 25. Rg2 Qxg2+ 26. Qxg2 Rxg2 27.
Kxg2 Bxh4 28. Rh1 Be7 29. Kf3 Nd8 30. b3 Ne6 31. Be3 Ng5+ 32. Ke2 Ne4 33. Kd3
Kh7 34. c4 c6 35. cxd5 cxd5 36. Rc1 h4 37. Rc7 Rf7 38. f5 h3 39. Bf4 Rxf5 40.
Rxe7+ Kg6 41. Re6+ Kh5 42. Ke3 Kh4 43. Rh6+ Rh5 44. Rg6 Rh8 45. e6 Kh5 46. Rg7
Re8 47. e7 Nf6 48. Kf3 Ng8 49. Bd6 Kh6 50. Rg3 Nxe7 51. Rxh3+ Kg6 52. Rg3+ Kf7
53. Bxe7 {Time forfeit} 1-0

[Event "Rated Blitz game"]
[Site "?"]
[Date "2021.10.18"]
[Round "?"]
[White "mared2"]
[Black "playingchessforever"]
[Result "1-0"]
[ECO "C42"]
[WhiteElo "2453"]
[BlackElo "2363"]
[PlyCount "30"]
[EventDate "2021.??.??"]
[EventType "blitz"]
[TimeControl "180"]

1. e4 e5 2. Nf3 Nf6 3. Nxe5 d6 4. Nxf7 Kxf7 5. d4 Nxe4 6. Qh5+ Ke6 7. Qg4+ Kd5
8. c4+ Kxd4 9. Be3+ Ke5 10. Qf4+ Ke6 11. Qxe4+ Kf7 12. Nc3 Nc6 13. c5 dxc5 14.
Bc4+ Kf6 15. Nd5+ Kf7 {Normal} 1-0

[Event "Rated Blitz game"]
[Site "?"]
[Date "2021.10.18"]
[Round "?"]
[White "Tyler_Durden60"]
[Black "BHbarny"]
[Result "1-0"]
[ECO "C42"]
[WhiteElo "2410"]
[BlackElo "2273"]
[PlyCount "85"]
[EventDate "2021.??.??"]
[EventType "blitz"]
[TimeControl "180"]

1. e4 e5 2. Nf3 Nf6 3. Nxe5 d6 4. Nxf7 Kxf7 5. d4 c5 6. Bc4+ d5 7. exd5 b5 8.
Bxb5 Qxd5 9. Be2 Bb7 10. Bf3 Qe6+ 11. Be3 Bxf3 12. Qxf3 Nc6 13. O-O cxd4 14.
Bxd4 Nxd4 15. Qxa8 Nxc2 16. Nc3 Nxa1 17. Rxa1 Qe8 18. Qxa7+ Be7 19. Re1 Rf8 20.
a4 Qd7 21. Qa6 Kg8 22. a5 Kh8 23. Qc4 Ng4 24. Ne4 Qa7 25. Qe2 Nf6 26. Ng5 Bc5
27. Ne6 Re8 28. Qd2 Bd6 29. Ng5 Qc7 30. Rxe8+ Nxe8 31. g3 h6 32. Ne4 Nf6 33.
Nxd6 Qxd6 34. Qxd6 Ne4 35. Qd8+ Kh7 36. Qd3 g5 37. Qxe4+ Kg7 38. Qc6 Kf7 39. a6
g4 40. a7 h5 41. a8=Q h4 42. Qab7+ Kf8 43. Qcc8# {Normal} 1-0

[Event "Rated Blitz game"]
[Site "?"]
[Date "2021.10.18"]
[Round "?"]
[White "blackbishop79"]
[Black "Raelav"]
[Result "1-0"]
[ECO "C42"]
[WhiteElo "2256"]
[BlackElo "2420"]
[PlyCount "33"]
[EventDate "2021.??.??"]
[EventType "blitz"]
[TimeControl "180"]

1. e4 e5 2. Nf3 Nf6 3. Nxe5 d6 4. Nxf7 Kxf7 5. Nc3 c5 6. f4 Nc6 7. h3 Be6 8. g4
d5 9. f5 Bc8 10. Bg2 dxe4 11. O-O Qd4+ 12. Kh1 Qe5 13. d3 e3 14. Rf3 Bd6 15.
Qg1 Re8 16. Rxe3 Qd4 17. Nb5 {Normal} 1-0

[Event "Rated Rapid game"]
[Site "?"]
[Date "2021.10.17"]
[Round "?"]
[White "AmgadFahmi"]
[Black "d-pawn"]
[Result "0-1"]
[ECO "C42"]
[WhiteElo "2428"]
[BlackElo "2592"]
[PlyCount "26"]
[EventDate "2021.??.??"]
[EventType "rapid"]
[TimeControl "600"]

1. e4 e5 2. Nf3 Nf6 3. Nxe5 d6 4. Nxf7 Kxf7 5. d4 c5 6. Nc3 cxd4 7. Bc4+ Be6 8.
Bxe6+ Kxe6 9. Qxd4 Nc6 10. Qc4+ Kd7 11. Bf4 Qe8 12. O-O-O Qe6 13. Qd5 Nxd5 {
Normal} 0-1

[Event "Rated Blitz tournament npvubjTt"]
[Site "?"]
[Date "2021.10.17"]
[Round "?"]
[White "josefghng"]
[Black "zmysliborski"]
[Result "1-0"]
[ECO "C42"]
[WhiteElo "2483"]
[BlackElo "2233"]
[PlyCount "79"]
[EventDate "2021.??.??"]
[EventType "blitz"]
[TimeControl "180+2"]

1. e4 e5 2. Nf3 Nf6 3. Nxe5 d6 4. Nxf7 Kxf7 5. Bc4+ d5 6. Bb3 c6 7. e5 Ne4 8.
d4 Qh4 9. O-O Be7 10. f3 Ng5 11. c4 Be6 12. f4 Ne4 13. f5 Rf8 14. fxe6+ Kxe6
15. cxd5+ cxd5 16. Nc3 Nxc3 17. bxc3 Nc6 18. Be3 Rxf1+ 19. Qxf1 Rf8 20. Qb5 Qe4
21. Re1 Bh4 22. g3 Ne7 23. Qxb7 Rf3 24. Bf2 Qf5 25. Rf1 Bg5 26. Bxd5+ Nxd5 27.
Qc6+ Ke7 28. Qxd5 Be3 29. Qb7+ Ke8 30. Qa8+ Ke7 31. Qxa7+ Ke8 32. Qa4+ Ke7 33.
Qb4+ Ke8 34. Qb8+ Ke7 35. Qb7+ Ke8 36. Qb5+ Ke7 37. Bxe3 Rxf1+ 38. Qxf1 Qe4 39.
Qe2 Qb1+ 40. Kg2 {Normal} 1-0

[Event "Rated Blitz game"]
[Site "?"]
[Date "2021.10.17"]
[Round "?"]
[White "Manu--Carlsen"]
[Black "ange_de_la_mort"]
[Result "0-1"]
[ECO "C42"]
[WhiteElo "2206"]
[BlackElo "2487"]
[PlyCount "30"]
[EventDate "2021.??.??"]
[EventType "blitz"]
[TimeControl "180"]

1. e4 e5 2. Nf3 Nf6 3. Nxe5 d6 4. Nxf7 Kxf7 5. d4 c5 6. Bc4+ Be6 7. Bxe6+ Kxe6
8. dxc5 Nc6 9. cxd6 Qxd6 10. Nd2 Rd8 11. O-O h5 12. f4 Ng4 13. Qf3 Nd4 14. f5+
Kf7 15. Qf4 Ne2+ {Normal} 0-1

[Event "Rated Blitz game"]
[Site "?"]
[Date "2021.10.17"]
[Round "?"]
[White "ColdAsTheClay"]
[Black "AndreyNeves"]
[Result "1-0"]
[ECO "C42"]
[WhiteElo "2469"]
[BlackElo "2375"]
[PlyCount "35"]
[EventDate "2021.??.??"]
[EventType "blitz"]
[TimeControl "180"]

1. e4 e5 2. Nf3 Nf6 3. Nxe5 d6 4. Nxf7 Kxf7 5. d4 g6 6. Nc3 Bg7 7. Bc4+ Be6 8.
Bxe6+ Kxe6 9. O-O Kf7 10. Qd3 Re8 11. Bg5 Kg8 12. f4 h6 13. Bh4 g5 14. fxg5 Nh7
15. Qc4+ Kh8 16. gxh6 Bf6 17. Bxf6+ Nxf6 18. Qf7 {Normal} 1-0

[Event "Rated Blitz game"]
[Site "?"]
[Date "2021.10.17"]
[Round "?"]
[White "NguyenDucHoa"]
[Black "wannabe2700"]
[Result "0-1"]
[ECO "C42"]
[WhiteElo "2712"]
[BlackElo "2684"]
[PlyCount "34"]
[EventDate "2021.??.??"]
[EventType "blitz"]
[TimeControl "180"]

1. e4 e5 2. Nf3 Nf6 3. Nxe5 d6 4. Nxf7 Kxf7 5. Bc4+ d5 6. exd5 Bd6 7. O-O Re8
8. Nc3 Nbd7 9. d3 Ne5 10. Bb3 Bg4 11. f3 Bh5 12. Ne4 Kg8 13. Bg5 Kh8 14. Qe1
Be7 15. Bf4 Ng6 16. Ng5 Nxf4 17. Qh4 N6xd5 {Normal} 0-1

[Event "Rated Blitz game"]
[Site "?"]
[Date "2021.10.17"]
[Round "?"]
[White "piscatorox"]
[Black "Raelav"]
[Result "0-1"]
[ECO "C42"]
[WhiteElo "2444"]
[BlackElo "2405"]
[PlyCount "46"]
[EventDate "2021.??.??"]
[EventType "blitz"]
[TimeControl "180"]

1. e4 e5 2. Nf3 Nf6 3. Nxe5 d6 4. Nxf7 Kxf7 5. Nc3 Be6 6. d4 g6 7. f4 Bg7 8. d5
Bg4 9. Qd3 Re8 10. Be3 Qe7 11. h3 Bc8 12. e5 dxe5 13. Qc4 exf4 14. d6+ Qe6 15.
Qxe6+ Rxe6 16. Bc4 fxe3 17. dxc7 Nc6 18. Rf1 Ke7 19. Nd5+ Nxd5 20. Bxd5 Rf6 21.
Rxf6 Bxf6 22. c3 Be6 23. O-O-O Bxd5 {Normal} 0-1

[Event "Rated Blitz game"]
[Site "?"]
[Date "2021.10.17"]
[Round "?"]
[White "PaskiSir"]
[Black "Quolltin"]
[Result "1-0"]
[ECO "C42"]
[WhiteElo "2265"]
[BlackElo "2433"]
[PlyCount "31"]
[EventDate "2021.??.??"]
[EventType "blitz"]
[TimeControl "180+2"]

1. e4 e5 2. Nf3 Nf6 3. Nxe5 d6 4. Nxf7 Kxf7 5. Bc4+ Be6 6. Bxe6+ Kxe6 7. d4 Qe8
8. O-O Qh5 9. Qd3 Nbd7 10. f4 d5 11. f5+ Kf7 12. e5 Ng4 13. h3 Ngxe5 14. dxe5
Bc5+ 15. Kh1 c6 16. e6+ {Normal} 1-0

[Event "Rated Blitz game"]
[Site "?"]
[Date "2021.10.16"]
[Round "?"]
[White "SchlagMich64"]
[Black "Poyiaz14032020"]
[Result "0-1"]
[ECO "C42"]
[WhiteElo "2415"]
[BlackElo "2242"]
[PlyCount "114"]
[EventDate "2021.??.??"]
[EventType "blitz"]
[TimeControl "300"]

1. e4 e5 2. Nf3 Nf6 3. Nxe5 d6 4. Nxf7 Kxf7 5. Bc4+ d5 6. exd5 Bd6 7. O-O Re8
8. d4 Kg8 9. Nc3 Bg4 10. Qd3 Nbd7 11. Bg5 h6 12. Bh4 Qe7 13. f3 Bh5 14. Ne4 Qf8
15. Bb3 Kh8 16. c4 b6 17. Ng3 Qf7 18. Nf5 Bg6 19. Nxd6 cxd6 20. Qd2 Nh5 21. g3
Qf5 22. Qb4 Re2 23. Rae1 Rxe1 24. Qxe1 Qd3 25. Qd1 Qxd1 26. Rxd1 Re8 27. Kf2
Nhf6 28. Ba4 Rc8 29. b3 a6 30. Bc6 Nb8 31. Bxf6 Nxc6 32. dxc6 gxf6 33. d5 Kg7
34. Re1 Kf7 35. Re6 b5 36. Rxd6 bxc4 37. bxc4 Rc7 38. Rd7+ Rxd7 39. cxd7 Ke7
40. c5 Kxd7 41. Ke3 Bf7 42. Kd4 a5 43. a3 a4 44. Kc4 f5 45. Kd4 Bg8 46. Ke5 Bf7
47. g4 fxg4 48. fxg4 Bg8 49. h4 Bf7 50. g5 hxg5 51. hxg5 Bg6 52. Kf6 Be4 53. d6
Bd5 54. g6 Bc4 55. g7 Bg8 56. Ke5 Kc6 57. Kf6 Kd7 {Time forfeit} 0-1